cohdb
Replays
Latest Replays
All Replays
Popular Replays
Top Player Replays
Match Explorer
How It Works
Community
CoH3 Stats
Reddit
Sign in to upload your games and track your stats! →
Sign in with Steam
Match 48585583
Unlisted
Match 48585583
Overview
Messages
Build Orders
End
Kettenkrad Recon Vehicle
Construct Infanterie Kompanie
Selects Terror Battlegroup
Selects Machine Gun Camouflage
MG 42 Machine Gun Team
MG 42 Machine Gun Team
Grenadier Squad
Construct Panzergrenadier Kompanie
Panzergrenadier Squad
Support Elements
Nebelwerfer 42 Rocket Launcher Team
Medical Station
Construct Panzer Kompanie
Selects Defend the Fatherland
Panzer IV Medium Tank
Pioneer Squad
sewage bill
TeamSpeakUser
LITTLE TRICKSTER
Mr. Refreshing
loation motion
RuddiestBison
Maxfunk05
PancakeDust
0
0
Comments
sign in to comment!
No comments posted yet!